 Dungeon Crawl Stone Soup version 0.18.1-47-g9310371 (webtiles) character file.

17 juanjsm the Changer (level 2, 0/18 HPs)
             Began as an Octopode Transmuter on June 21, 2016.
             Slain by a giant gecko (1 damage)
             ... on level 1 of the Dungeon.
             The game lasted 00:01:29 (292 turns).

juanjsm the Changer (Octopode Transmuter)            Turns: 292, Time: 00:01:30

Health: 0/18       AC:  1    Str:  9    XL:     2   Next: 62%
Magic:  5/5        EV: 12    Int: 15    God:
Gold:   28         SH:  0    Dex: 12    Spells: 1 memorised, 4 levels left

rFire  . . .     SeeInvis .       - Unarmed
rCold  . . .     Gourm    .     (no shield)
rNeg   . . .     Faith    .     (helmet restricted)
rPois  .         Spirit   .     g - amulet of inaccuracy (curse)
rElec  .         Dismiss  .     (no ring)
rCorr  .         Reflect  .     (no ring)
SustAt .         Harm     .     (no ring)
MR     .....                    (no ring)
Stlth  ++........               (no ring)
                                (no ring)
                                (no ring)
                                (no ring)

@: appendage (expiring), not resistant to hostile enchantments, unstealthy
A: almost no armour, amphibious, 8 rings, constrict 8, tentacle spike 3,
camouflage 1, gelatinous body 1
a: End Transformation


You were on level 1 of the Dungeon.
You were not hungry.
One of your tentacles had a temporary spike.
You visited 1 branch of the dungeon, and saw 2 of its levels.

You collected 28 gold pieces.

Inventory:

Missiles
 a - 29 arrows
Jewellery
 g - a cursed amulet of inaccuracy (around mantle)
Scrolls
 e - a scroll of fog {unknown}
 h - a scroll of identify {unknown}
 i - a scroll of fear {unknown}
Potions
 d - a potion of flight {unknown}
Books
 b - a book of Changes

   Spells                             Type                      Level
   a - Beastly Appendage              Transmutation                1
   b - Sticks to Snakes               Transmutation                2
   c - Spider Form                    Transmutation/Poison         3
   d - Ice Form                       Ice/Transmutation            4
   e - Blade Hands                    Transmutation                5
Comestibles
 c - a bread ration
 f - 5 chunks of flesh


   Skills:
 - Level 1.0 Fighting
 - Level 2.0 Dodging
 - Level 3.0 Unarmed Combat
 - Level 2.0 Spellcasting
 * Level 3.1 Transmutations


You had 4 spell levels left.
You knew the following spells:

 Your Spells              Type           Power        Failure   Level  Hunger
a - Beastly Appendage     Trmt           ##....       8%          1    #......


Dungeon Overview and Level Annotations

Branches:
Dungeon (2/15)

Altars:


Innate Abilities, Weirdness & Mutations

You cannot wear most types of armour.
You are amphibious.
You can wear up to eight rings at the same time.
You can use your tentacles to constrict eight enemies at once.
Your skin changes colour to match your surroundings (Stealth).
Your rubbery body absorbs attacks (AC +1).
One of your tentacles bears a large vicious spike.


Message History

The giant newt bites you.
* * * LOW HITPOINT WARNING * * *
You are too injured to fight recklessly!
You tentacle-slap the hobgoblin.
You pierce the hobgoblin.
The hobgoblin is almost dead.
You constrict the hobgoblin.
You kill the hobgoblin!
The giant newt closely misses you.
You tentacle-slap the giant newt but do no damage.
Your grab misses the giant newt. The giant gecko misses you.
The giant newt bites you.
* * * LOW HITPOINT WARNING * * *
You tentacle-slap the giant newt. Your grab misses the giant newt.
Your squeeze misses the giant newt.
The giant newt is heavily wounded.
The giant gecko closely misses you. The giant newt bites you.
* * * LOW HITPOINT WARNING * * *
Your transformation is almost over.
The giant gecko bites you.
You die...

#......###.#.#.#
......#...#.#.#$#
.......#...#.#.#.#
.......#...'.#.#.#
#+####.#...#.....+
#.....#.#.#
#....##.#.# #+###
####.##.#.# ....#
#.##.#@# ....+
#.##.#l# ....#
#.....lr......
....# #
####.#.#......
....# .#
###.#.#.####.
...)###.#......#.#
. .###..[..# #.
#.# .. ## ##(#..#
# #.# #. # #.# ...
..# .#


You could see a giant gecko, a giant newt and a rat.

Vanquished Creatures
  A dart slug (D:1)
  4 bats (D:1)
  2 giant cockroaches (D:1)
  2 hobgoblins
  2 kobolds (D:1)
  A giant newt (D:1)
  A rat (D:2)
13 creatures vanquished.

Notes
Turn   | Place    | Note
--------------------------------------------------------------
     0 | D:1      | juanjsm the Octopode Transmuter began the quest for the Orb.
     0 | D:1      | Reached XP level 1. HP: 13/13 MP: 3/3
    63 | D:1      | Reached XP level 2. HP: 9/18 MP: 3/5
   292 | D:1      | Slain by a giant gecko

Skill      XL: |  1  2 |
---------------+-------+-----
Transmutations | 3 |  3.1
Fighting       | |  1.0
Dodging        | |  2.0
Unarmed Combat | |  3.0
Spellcasting   | |  2.0

Action                   || total
-------------------------++-------
Melee: Unarmed           ||    41
       Constrict         ||     8
       Punch             ||     1
       Kick              ||     5
       Tentacles         ||     2
 Cast: Beastly Appendage ||     5
Armor: Skin              ||     7
Dodge: Dodged            ||    29
